AoeStats
← MattAtArms

Arabia

504042131Analyzed
1v1 RM · 1mo ago on Sep 3, 2026· 62m 22s· 2 players
Game mode
Random Map
Map size
Tiny (2 player)
Population
200
Speed
Normal
Resources
Standard
Victory
Conquest
Starting age
Dark Age
Ending age
Imperial Age
RankedLock teamsTeams togetherTeam positionsShared explorationLock speedFull tech treeHidden civsTurbo modeCheats
Victory
Defeat
🇬🇧 Magyars · United Kingdom
1935
+13
🇬🇧 Chinese · United Kingdom
1876
-13
MattAtArms
0:25 Loom
8:27 Feudal Age
9:00 Double-Bit Axe
9:43 Horse Collar
13:18 Town Watch
17:48 Fletching
22:03 Castle Age
20:40 Gold Mining
21:41 Padded Archer Armor
22:50 Bodkin Arrow
22:33 Crossbowman
23:24 Bow Saw
25:09 Wheelbarrow
25:58 Ballistics
27:30 Thumb Ring
27:46 Leather Archer Armor
45:54 Imperial Age
46:22 Arbalester
47:08 Bracer
50:35 Chemistry
55:05 Conscription
55:23 Ring Archer Armor
54:37 Elite Skirmisher
57:04 Forging
59:01 Scale Mail Armor
59:36 Iron Casting
60:41 Hand Cart
Jak3y
6:44 Loom
8:50 Feudal Age
9:45 Double-Bit Axe
11:55 Horse Collar
20:20 Scale Barding Armor
24:31 Castle Age
23:28 Bloodlines
24:52 Light Cavalry
25:53 Chain Barding Armor
29:38 Husbandry
33:11 Wheelbarrow
40:29 Stone Mining
40:29 Gold Mining
42:45 Hand Cart
42:18 Town Watch
44:25 Fletching
45:05 Bodkin Arrow
48:49 Imperial Age
47:22 Padded Archer Armor
47:28 Elite Skirmisher
50:08 Bracer
50:24 Leather Archer Armor
51:52 Ballistics
52:33 Chemistry
52:15 Recurve Bow
52:35 Conscription
58:05 Ring Archer Armor
57:42 Heavy Cavalry Archer
59:31 Hussar
61:06 Thumb Ring
61:27 Parthian Tactics
61:48 Plate Barding Armor
Connection lost

Rejoining the realm…

Still unreachable

The connection could not be restored.

Session expired

The server has moved on; the page needs a fresh start.